Map: Lightshade LE

Players

Epic

  • Race: Terran Terran

Scarlett - Winner!

  • Race: Zerg Zerg

Event: DreamHack SC2 Masters 2021 Fall

VOD

Have the link to the VOD?

Description

Time

  • Played on: Aug. 4, 2021, 3:17 p.m.
  • Length: 12:44

All games in this series

Show
View Real Time Build Order
Export as new Build Order

Epic Terran 

Build Orders: Reaper Expand 

Get SALT Encoding   

  12  0:00  SCV  
  13  0:12  SCV  
  14  0:17  Supply Depot  
  14  0:24  SCV  
  15  0:38  SCV  
  15  0:39  Barracks  
  16  0:42  Refinery  
  16  0:50  SCV  
  17  1:02  SCV  
  18  1:15  SCV  
  19  1:26  Reaper  
  19  1:27  Orbital Command  
  20  1:38  Command Center  
  20  1:46  Supply Depot  
  20  1:55  SCV  
  20  1:58  Marine  
  22  2:07  SCV  
  23  2:09  Factory  
  23  2:11  Refinery  
  23  2:19  SCV  
  23  2:20  Barracks Reactor  
  24  2:32  SCV  
  25  2:48  SCV  
  25  2:51  Orbital Command  
  26  2:54  Starport  
  26  3:00  SCV  
  26  3:05  Hellion x2  
  31  3:07  Barracks Tech Lab  
  31  3:12  SCV  
  32  3:16  SCV, Supply Depot  
  33  3:26  Hellion  
  37  3:27  SCV, Hellion  
  37  3:28  SCV  
  39  3:37  Banshee  
  42  3:42  SCV x2  
  42  3:43  Barracks Tech Lab  
  48  3:50  Supply Depot  
  48  3:55  SCV x2  
  50  4:02  Stimpack  
  50  4:07  Command Center  
  50  4:09  SCV x2  
  48  4:11  Barracks  
  48  4:16  Factory Reactor  
  48  4:21  SCV x2  
  48  4:22  Barracks  
  50  4:33  Starport Reactor  
  50  4:35  SCV x2, Engineering Bay x2  
  50  4:37  Marine  
  53  4:47  Supply Depot, SCV x2  
  53  4:48  Refinery  
  53  4:49  Refinery  
  46  4:57  Marine  
  46  4:58  Marine x2, Supply Depot  
  49  5:00  Siege Tank  
  49  5:01  SCV  
  49  5:02  SCV  
  54  5:13  Medivac x2  
  57  5:17  SCV x2  
  57  5:18  Terran Infantry Weapons Level 1  
  57  5:20  Marine x4  
  63  5:24  Marine  
  63  5:26  Orbital Command  
  64  5:29  SCV  
  64  5:31  Terran Infantry Armor Level 1  
  65  5:38  Marine x2  
  65  5:39  Siege Tank  
  65  5:42  Marine, SCV x2  
  73  5:47  Combat Shield  
  73  5:48  Orbital Command  
  73  5:52  Marine x2  
  73  5:55  SCV x2  
  77  6:07  Medivac x2, Barracks  
  77  6:09  SCV x2  
  83  6:11  Marine x4, Barracks  
  83  6:12  Marine  
  83  6:17  SCV  
  89  6:21  SCV x2  
  89  6:23  Supply Depot  
  89  6:25  Supply Depot  
  91  6:33  Siege Tank  
  91  6:35  SCV x3  
  93  6:41  Marine  
  93  6:42  Marine x4  
  97  6:52  SCV x2  
  95  6:55  Armory  
  95  6:58  SCV  
  95  6:59  Marine x4  
  95  7:00  Barracks Reactor x2  
  100  7:04  SCV x2  
  100  7:07  Supply Depot x2  
  102  7:10  SCV  
  102  7:14  Armory  
  103  7:15  Factory Reactor  
  103  7:17  Liberator  
  103  7:18  Medivac  
  108  7:25  SCV x3  
  111  7:33  Marine x4, Marauder  
  117  7:37  SCV x3  
  117  7:41  Marine x4  
  117  7:42  Supply Depot  
  124  7:44  Supply Depot  
  124  7:46  Terran Infantry Weapons Level 2  
  124  7:50  Terran Infantry Armor Level 2  
  124  7:51  Marine  
  125  7:52  SCV x3  
  128  7:59  Factory  
  128  8:00  Supply Depot x2  
  128  8:12  Marine  
  128  8:13  Marine x7, Marauder  
  128  8:14  Widow Mine  
  128  8:15  Widow Mine  
  128  8:19  Medivac x2  
  146  8:25  SCV x3  
  142  8:27  Refinery  
  142  8:30  Marine x2  
  144  8:40  Marine x6, Command Center  
  144  8:41  Marauder  
  150  8:48  Marine x2, Drilling Claws  
  146  8:49  Widow Mine  
  146  8:54  Widow Mine x2, Medivac x2  
  155  9:02  Barracks  
  155  9:03  Barracks  
  155  9:04  Supply Depot  
  155  9:05  Barracks  
  155  9:09  Terran Vehicle And Ship Armor Level 1  
  155  9:10  Supply Depot  
  155  9:11  Supply Depot  
  155  9:17  Marine x2, Marauder  
  147  9:32  Supply Depot  
  147  9:33  Supply Depot, Widow Mine x3  
  149  9:41  Medivac  
  149  9:42  Medivac  
  153  9:58  Barracks Tech Lab  
  153  9:59  Barracks Tech Lab  
  153  10:02  Marine x2, Marauder  
  143  10:11  Marine  
  143  10:12  Marine x3  
  115  10:24  Marauder  
  115  10:25  Marauder x2  
  115  10:28  SCV x2  
  120  10:29  Marine x3  
  118  10:38  Orbital Command  
  118  10:41  Widow Mine x3, Medivac x2  
  125  10:44  Marine x5  
  125  10:45  Marauder  
  125  10:46  Marauder x2  
  132  10:57  SCV  
  132  10:58  SCV  
  136  11:04  Widow Mine x3  
  134  11:28  SCV  
  134  11:29  SCV  
  129  11:53  Marine x4  
  104  12:07  SCV x3  
  97  12:19  Marine x5, Marauder x3  
Show
View Real Time Build Order
Export as new Build Order

Scarlett Zerg - Winner!

Build Orders: Hatch First 

Get SALT Encoding   

  12  0:05  Drone  
  13  0:12  Overlord  
  13  0:19  Drone  
  14  0:32  Drone x2  
  16  0:47  Hatchery  
  15  0:51  Drone  
  15  0:55  Drone  
  17  0:59  Drone  
  18  1:10  Extractor  
  17  1:13  Spawning Pool  
  17  1:16  Drone  
  17  1:20  Drone  
  18  1:30  Drone  
  19  1:43  Drone  
  20  1:53  Drone  
  21  1:59  Queen x2  
  25  2:03  Zergling x4  
  27  2:13  Hatchery  
  26  2:19  Overlord  
  26  2:22  Drone  
  27  2:26  Drone  
  28  2:31  Spore Crawler  
  28  2:34  Metabolic Boost  
  28  2:38  Drone  
  28  2:41  Drone x2  
  31  2:54  Overlord  
  31  2:55  Drone x2  
  33  3:00  Queen  
  33  3:01  Drone  
  41  3:12  Drone x5  
  41  3:18  Overlord  
  41  3:23  Queen  
  41  3:24  Drone  
  44  3:30  Drone  
  44  3:31  Queen  
  47  3:36  Zergling x2  
  48  3:42  Zergling x4  
  48  3:43  Zergling x2  
  48  3:45  Drone x2, Overlord  
  48  3:47  Drone  
  54  3:54  Drone  
  54  3:55  Baneling Nest  
  53  3:56  Drone x2  
  55  4:06  Queen  
  55  4:08  Overlord  
  55  4:09  Zergling x6  
  60  4:11  Queen  
  62  4:18  Drone x3  
  62  4:22  Overlord  
  65  4:25  Overlord  
  65  4:37  Drone x5  
  70  4:38  Lair  
  70  4:39  Extractor, Drone x3  
  72  4:51  Overlord  
  72  4:52  Drone x5, Overlord  
  77  4:57  Queen  
  79  5:00  Overlord x2  
  79  5:09  Hatchery  
  77  5:14  Drone  
  77  5:15  Drone x4  
  77  5:18  Extractor  
  77  5:20  Extractor  
  78  5:27  Drone x10  
  88  5:30  Queen  
  90  5:39  Hatchery  
  90  5:40  Centrifical Hooks  
  89  5:44  Evolution Chamber  
  89  5:46  Extractor, Evolution Chamber  
  85  5:50  Overseer  
  85  5:53  Drone x7  
  85  5:55  Zergling x6  
  94  5:59  Zergling x2  
  95  6:06  Zergling x8  
  99  6:12  Zergling x6  
  99  6:14  Zerg Melee Weapons Level 1, Zerg Ground Armor Level 1  
  102  6:22  Zergling x6  
  102  6:23  Overlord x2  
  102  6:24  Queen x2  
  102  6:25  Zergling x2  
  110  6:28  Zergling x2  
  111  6:32  Baneling  
  111  6:33  Baneling x13  
  107  6:40  Zergling x14  
  107  6:44  Baneling x4  
  112  6:53  Zergling x16  
  119  7:00  Zergling x14  
  126  7:06  Overlord  
  126  7:07  Overlord x4  
  126  7:15  Drone x3  
  129  7:19  Spore Crawler, Drone x2  
  128  7:25  Drone x2  
  128  7:33  Drone  
  128  7:34  Drone x11  
  138  7:39  Infestation Pit  
  138  7:42  Spore Crawler  
  136  7:48  Drone x4  
  136  7:49  Overlord x3  
  136  7:50  Zergling x4  
  142  7:51  Spore Crawler  
  142  7:52  Hatchery  
  142  7:56  Zergling x4  
  142  7:57  Zergling x4  
  144  8:00  Zergling x8  
  144  8:03  Overlord  
  144  8:04  Overlord x2  
  148  8:09  Zergling x6  
  151  8:18  Zergling x10  
  154  8:28  Zerg Melee Weapons Level 2, Zerg Ground Armor Level 2  
  154  8:29  Zergling x2, Hive  
  154  8:30  Zergling x22  
  166  8:38  Drone  
  166  8:39  Drone x6  
  166  8:40  Drone  
  169  8:47  Drone x2  
  160  8:50  Zergling x6  
  160  8:53  Baneling x9  
  160  8:55  Baneling x14  
  163  8:58  Zergling x10  
  163  9:01  Zergling x10  
  173  9:06  Zergling x8  
  177  9:12  Hatchery  
  177  9:13  Pneumatized Carapace  
  177  9:14  Zergling x14  
  177  9:15  Overseer  
  177  9:16  Overseer  
  182  9:17  Extractor  
  182  9:19  Extractor  
  182  9:22  Zergling x16  
  176  9:33  Zergling x20  
  181  9:42  Drone x8  
  181  9:44  Spine Crawler, Adrenal Glands  
  181  9:45  Viper, Spine Crawler x2, Ultralisk Cavern  
  187  9:46  Viper, Spine Crawler  
  187  9:50  Burrow  
  189  9:54  Zergling x12  
  189  9:55  Zergling x8  
  194  10:05  Zergling x18  
  189  10:09  Baneling x21  
  189  10:10  Zergling x2, Baneling x4  
  189  10:12  Zergling x6  
  167  10:30  Zergling x36  
  180  10:43  Zergling x24  
  183  10:55  Zergling x26  
  192  10:59  Chitinous Plating  
  192  11:03  Zergling x18  
  195  11:14  Baneling  
  195  11:15  Baneling  
  193  11:19  Baneling x17  
  193  11:21  Zergling x12  
  199  11:29  Zergling x2  
  199  11:31  Baneling x6  
  200  11:37  Baneling x5  
  198  11:44  Zergling x6  
  178  11:57  Zergling x34  
  181  12:02  Drone x13  
  181  12:03  Drone x4  
  186  12:10  Zergling x4  
  189  12:18  Spore Crawler  
  189  12:19  Spore Crawler  
  185  12:23  Extractor  
  183  12:31  Drone  
  183  12:32  Spore Crawler  
  183  12:33  Spore Crawler  
  198  12:39  Spore Crawler, Spine Crawler  
  198  12:41  Spine Crawler  

Tags
 
Add a new tag
Caveats
  • Supply blocks, unpowered buildings, or Contaminate may cause inaccurate times.
  • Supply counts are checked every 10 seconds.